 Dungeon Crawl Stone Soup version 0.22.0-18-ge075c0de6d (webtiles) character file.

275 Jukra the Chopper (level 6, -1/53 HPs)
             Began as a Hill Orc Fighter on Aug 19, 2018.
             Killed by nerve-wracking pain
             ... invoked by Grinder
              (6 damage)
             ... on level 3 of the Dungeon.
             The game lasted 00:09:33 (1661 turns).

Jukra the Chopper (Hill Orc Fighter)                Turns: 1661, Time: 00:09:33

Health: -1/53      AC:  9    Str: 20    XL:     6   Next: 24%
Magic:  6/6        EV:  7    Int:  8    God:
Gold:   105        SH:  9    Dex: 11    Spells: 5/5 levels left

rFire    . . .     SeeInvis .   a - +0 war axe
rCold    . . .     Gourm    .   c - +0 shield
rNeg     . . .     Faith    .   b - +0 scale mail
rPois    .         Spirit   .   (no helmet)
rElec    .         Reflect  .   (no cloak)
rCorr    .         Harm     .   o - +0 pair of gloves
MR       .....                  j - +0 pair of boots
Stlth    ..........             (no amulet)
HPRegen  0.17/turn              (no ring)
MPRegen  0.10/turn              (no ring)

@: no status effects
A: no striking features
a: no special abilities


You were on level 3 of the Dungeon.
You were not hungry.

You visited 1 branch of the dungeon, and saw 3 of its levels.

You collected 105 gold pieces.

Inventory:

Hand Weapons
 a - a +0 war axe (weapon)
Armour
 b - a +0 scale mail (worn)
 c - a +0 shield (worn)
 g - a +0 pair of gloves
 j - a +0 pair of boots (worn)
 o - a +0 pair of gloves (worn)
Scrolls
 e - a scroll of enchant armour {unknown}
 h - a scroll of teleportation {unknown}
 k - a scroll of immolation {unknown}
 l - 4 scrolls of identify {unknown}
 n - 2 scrolls of remove curse {unknown}
 p - a scroll of blinking {unknown}
Potions
 d - a potion of might
 m - a potion of agility {unknown}
Comestibles
 f - 5 rations


   Skills:
 * Level 4.4 Fighting
 + Level 6.1 Axes
 * Level 4.2 Armour
 + Level 0.6 Dodging
 + Level 4.2 Shields


You had 5 spell levels left.
You didn't know any spells.
Your spell library contained the following spells:

 Spells                   Type           Power        Failure   Level  Hunger
 Confusing Touch          Hex            #.....       99%         1    ##.....
 Confuse                  Hex            #.......     100%        3    ####...
 Gell's Gravitas          Tloc           #.........   100%        3    ####...
 Petrify                  Tmut/Erth      #.......     100%        4    #####..
 Metabolic Englaciation   Hex/Ice        #.........   100%        5    ######.
 Yara's Violent Unravell  Hex/Tmut       #.........   100%        5    ######.


Dungeon Overview and Level Annotations

Branches:
Dungeon (3/15)

Altars:

Annotations:
D:3 Grinder


Message History

Grinder gestures at you.
You barely resist. You hit Grinder but do no damage.
Grinder is severely wounded.
Grinder hits you but does no damage. Grinder gestures at you.
Pain shoots through your body!
* * * LOW HITPOINT WARNING * * *
You closely miss Grinder.
Grinder is severely wounded.
Grinder says, "You look like you could use a good racking."
Grinder hits you.
* * * LOW HITPOINT WARNING * * *
Sorry, you're not good enough to have a special ability.
You closely miss Grinder.
Grinder is severely wounded.
Grinder blinks!
Grinder gestures at you. Pain shoots through your body!
You die...

#.# #. #.#
#.# #.#
#.# #.#
#.# ##.##
#.#
#.###...##
##.##
#........#
##.#.##
#..##....#
#.###.#
#.§###.#.#
##<#.##
#..# #.#.#
#..## #@.#
#÷#.# #.##
#......5.#
#.#.# #.#
#.######.#
#.#.# #.#
#.# #.#.#
#.# #.#
#.#.# #.#
#.# #.#
#.# #..
..# #. ..
###


You could see Grinder.

Vanquished Creatures
  Sigmund (D:2)
  5 adders
  2 oozes
  2 worms (D:2)
  3 dart slugs
  3 leopard geckos
  An orc (D:3)
  3 giant cockroaches (D:2)
  3 goblins
  7 hobgoblins
  5 kobolds
  A quokka (D:2)
  A ball python (D:1)
  4 bats
  2 frilled lizards
  4 rats
47 creatures vanquished.

Notes
Turn   | Place    | Note
-------+----------+-------------------------------------------
     0 | D:1      | Jukra the Hill Orc Fighter began the quest for the Orb.
     0 | D:1      | Reached XP level 1. HP: 19/19 MP: 1/1
   110 | D:1      | Reached skill level 3 in Axes
   110 | D:1      | Reached XP level 2. HP: 13/27 MP: 2/2
   839 | D:2      | Reached XP level 3. HP: 32/33 MP: 3/3
  1006 | D:2      | Reached skill level 4 in Axes
  1008 | D:2      | Reached XP level 4. HP: 35/40 MP: 4/4
  1118 | D:2      | Noticed Sigmund
  1138 | D:2      | Killed Sigmund
  1138 | D:2      | Reached skill level 6 in Axes
  1138 | D:2      | Reached XP level 5. HP: 21/47 MP: 5/5
  1138 | D:2      | Reached XP level 6. HP: 24/53 MP: 6/6
  1633 | D:3      | Noticed Grinder
  1638 | D:3      | Paralysed by Grinder for 2 turns
  1644 | D:3      | Paralysed by Grinder for 3 turns
  1650 | D:3      | Paralysed by Grinder for 6 turns
  1661 | D:3      | Killed from afar by Grinder

Skill      XL: |  1  2  3  4 |
---------------+-------------+-----
Axes           | 3 4 6 |  6.1
Shields        | 4 |  4.2
Fighting       | 4 |  4.4
Armour         | 4 |  4.2
Dodging        | |  0.6

Action                   |  1- 3 |  4- 6 || total
-------------------------+-------+-------++-------
Melee: War axe           |   103 |    78 ||   181
  Use: Potion            |     2 |       ||     2
  Eat: Chunk             |     1 |     2 ||     3
Armor: Scale mail        |    61 |    24 ||    85
Dodge: Dodged            |    38 |    22 ||    60
Block: Shield            |    65 |    38 ||   103
